 Dungeon Crawl Stone Soup version 0.29-a0-816-g82769f0e0c (webtiles) character file.

Game seed: 14501439031155543424

56 thirstyecho the Trooper (level 3, -2/27 HPs)
             Began as an Octopode Monk on July 5, 2022.
             Slain by a gnoll
             ... wielding a +0 flail
              (14 damage)
             ... on level 2 of the Dungeon.
             The game lasted 00:03:05 (2632 turns).

thirstyecho the Trooper (Octopode Monk)             Turns: 2632, Time: 00:03:06

Health: -2/27      AC:  1    Str: 10    XL:     3   Next: 97%
Magic:  3/3        EV: 14    Int: 12    God:
Gold:   29         SH:  0    Dex: 16    Spells: 2/2 levels left

rFire   . . .      SeeInvis .   m - +0 long sword
rCold   . . .      Faith    .   (no shield)
rNeg    . . .      Spirit   .   (helmet restricted)
rPois   .          Reflect  .   (no amulet)
rElec   .          Harm     .   h - ring of resist corrosion
rCorr   +          Rampage  .   (no ring)
Will    .....                   (no ring)
Stlth   +++.......              (no ring)
HPRegen 0.09/turn               (no ring)
MPRegen 0.08/turn               (no ring)
                                (no ring)
                                (no ring)

@: no status effects
A: almost no armour, amphibious, 8 rings, camouflage 1, gelatinous body 1,
(nimble swimmer 1), tentacles
a: no special abilities


You were on level 2 of the Dungeon.
You visited 1 branch of the dungeon, and saw 2 of its levels.

You collected 29 gold pieces.

Inventory:

Hand Weapons
 a - a +0 falchion
 m - a +0 long sword (weapon)
Missiles
 i - a throwing net {!f}
 n - 3 boomerangs (quivered)
 o - 5 stones
Jewellery
 h - a ring of resist corrosion (left tentacle)
Scrolls
 c - a scroll of torment {unknown}
 d - 2 scrolls of identify {unknown}
 f - a scroll of summoning {unknown}
 j - a scroll of fear {unknown}
 k - a scroll of teleportation {unknown}
Potions
 b - a potion of ambrosia
 e - a potion of degeneration {unknown}
 g - a potion of cancellation {unknown}
 l - 2 potions of flight {unknown}


   Skills:
 * Level 4.5 Fighting
 - Level 3.0 Long Blades
 + Level 3.2 Dodging
 - Level 2.6 Stealth


You had 2 spell levels left.
You didn't know any spells.
Your spell library was empty.

Dungeon Overview and Level Annotations

Branches:
Dungeon (2/15)

Altars:

Shops:
D:2 (

Annotations:
D:1 1 transporter
D:2 1 exclusion


Innate Abilities, Weirdness & Mutations

You cannot wear most types of armour.
You are amphibious.
You can wear up to eight rings at the same time.
Your skin changes colour to match your surroundings (Stealth+).
Your rubbery body absorbs attacks. (AC +1, EV +1)
((You are camouflaged when in or above water. (Stealth+)))
You have tentacles for arms and can constrict up to eight enemies at once.


Message History

a +0 whip; a +0 ring mail; a gnoll skeleton You see here a +0 club.
o - 5 stones (gained 4) Partly explored, unvisited transporter.
Partly explored, unvisited transporter.
You see here a +0 club.
Things that are here:
a +0 whip; a +0 ring mail; a gnoll skeleton
There is a stone staircase leading down, spattered with blood here.
A kobold is nearby!
Okay, then.
What are your orders? t - Shout!
Orders for allies: a - Attack new target. r - Retreat! s - Stop attacking. g - Guard the area. f - Follow me.
Anything else - Cancel.
You shout for attention!
You hit the kobold.
You kill the kobold!
No target in view!
No target in view!
You now have 29 gold pieces (gained 10).
Things that are here:
a +0 whip; a kobold corpse
Things that are here:
a +0 whip; a kobold corpse
There is a stone staircase leading down, spattered with blood here.
You climb downwards.
Level annotation: 1 exclusion The gnoll hits you with a +0 flail.
The gnoll closely misses you.
There is a stone staircase leading up, spattered with blood here.
You barely miss the gnoll. You grab the gnoll.
You constrict the gnoll, but do no damage.
The gnoll hits you with a +0 flail!
You hit the gnoll but do no damage. You constrict the gnoll.
The gnoll completely misses you.
You hit the gnoll. You constrict the gnoll. The gnoll hits you with a +0 flail!
Ouch! That really hurt!
You die...

#####.##.# #.#.#...∩.....# #.
...#..##.# #.#.#..#.#..#.###.
..#...##.#######.#.#.#...#.##...#
..........)........#.......##....
#......#........[......###.######
######## #######.####### #.# #.#
#.# #.# #.# #@# #.# #g....... ..#
######### ###


You could see a gnoll.

Vanquished Creatures
  A gnoll (D:1)
  An adder (D:2)
  2 dart slugs
  3 endoplasms (D:1)
  A giant cockroach (D:1)
  5 goblins
  A hobgoblin (D:2)
  6 jackals (D:1)
  4 ball pythons (D:1)
  3 bats
  2 frilled lizards
  2 kobolds
31 creatures vanquished.

Vanquished Creatures (others)
  5 plants (D:2)
5 creatures vanquished.

Grand Total: 36 creatures vanquished

Notes
Turn   | Place    | Note
-------+----------+-------------------------------------------
     0 | D:1      | thirstyecho the Octopode Monk began the quest for the Orb.
     0 | D:1      | Reached XP level 1. HP: 16/16 MP: 1/1
   194 | D:1      | Reached XP level 2. HP: 19/21 MP: 2/2
   451 | D:1      | Reached skill level 4 in Fighting
   652 | D:1      | Reached XP level 3. HP: 27/27 MP: 3/3
   910 | D:2      | Found Zonemat's Antique Weapon Boutique.
  2632 | D:2      | Slain by a gnoll

Illustrated notes

Levels and vault maps discovered:
D:1:      spicycebolla_arrival_risky_transporter, layout_loops_ring,
          minmay_fountain_box, kennysheep_decorative_pillar
D:2:      layout_loops_ring, serial_shops, nicolae_shop_advertising_works
          [nicolae_subvault_shop_adworks], serial_bayou_pond_a,
          due_unseen_surprise

Skill      XL: |  1  2 |
---------------+-------+-----
Fighting       | 4 |  4.5
Long Blades    | |  3.0
Dodging        | |  3.2
Stealth        | |  2.6

Action                   || total
-------------------------++-------
Melee: Falchion          ||    50
       Tentacles         ||    11
       Constrict         ||    15
       Punch             ||     1
       Long sword        ||    14
Throw: Throwing net      ||     1
 Stab: Sleeping          ||     6
       Held in net/web   ||     2
Armor: Skin              ||     6
Dodge: Dodged            ||    40

Table legend: (Time is in decaauts)
 A = Elapsed time spent in this place.
 B = Non-inter-level travel time spent in this place.
 C = Inter-level travel time spent in this place.
 D = Time resting spent in this place.
 E = Time spent auto-exploring this place.
 F = Levels seen in this place.
 G = Mean time per level.
                   A        B        C        D        E       F      G
               +--------+--------+--------+--------+--------+-----+--------+
         Total |   2642 |   2606 |     36 |   1445 |    768 |   2 | 1321.0 |
       Dungeon |   2642 |   2606 |     36 |   1445 |    768 |   2 | 1321.0 |
               +--------+--------+--------+--------+--------+-----+--------+

Top non-repeatable levels by time:
     D:2: 1456 daAuts
     D:1: 1185 daAuts
